Map: Dusk Towers

Players

Miszu - Winner!

  • Race: Protoss Protoss
  • League: Master

Epaminondas

  • Race: Terran Terran
  • League: Master

VOD

Have the link to the VOD?

Description

Time

  • Played on: April 1, 2016, 4:53 p.m.
  • Length: 15:58
Show
View Real Time Build Order
Export as new Build Order

Miszu Protoss - Winner!

Build Orders:  

Get SALT Encoding   

  12  0:01  Probe (Chrono Boost)  
  13  0:11  Probe (Chrono Boost)  
  14  0:18  Pylon  
  14  0:22  Probe (Chrono Boost)  
  15  0:36  Probe (Chrono Boost)  
  15  0:38  Gateway  
  16  0:46  Probe (Chrono Boost)  
  17  0:50  Assimilator  
  18  0:57  Probe (Chrono Boost)  
  18  1:00  Pylon  
  18  1:07  Probe (Chrono Boost)  
  19  1:18  Probe (Chrono Boost)  
  20  1:25  Cybernetics Core  
  20  1:26  Zealot  
  20  1:28  Probe (Chrono Boost)  
  23  1:42  Probe (Chrono Boost)  
  24  1:48  Assimilator  
  24  1:53  Probe (Chrono Boost)  
  25  2:04  Mothership Core (Chrono Boost)  
  27  2:15  Nexus  
  27  2:19  Warp Gate  
  27  2:23  Probe (Chrono Boost)  
  27  2:28  Stalker  
  27  2:29  Pylon  
  30  2:32  Pylon  
  30  2:38  Probe (Chrono Boost)  
  31  2:50  Probe (Chrono Boost)  
  32  2:52  Robotics Facility  
  32  3:01  Probe (Chrono Boost)  
  33  3:12  Adept, Probe (Chrono Boost)  
  36  3:22  Probe (Chrono Boost)  
  37  3:27  Probe (Chrono Boost)  
  37  3:33  Probe (Chrono Boost)  
  39  3:38  Probe (Chrono Boost)  
  39  3:39  Observer  
  41  3:43  Probe (Chrono Boost)  
  42  3:48  Probe (Chrono Boost)  
  42  3:51  Sentry  
  42  3:54  Probe (Chrono Boost)  
  46  3:59  Nexus, Probe (Chrono Boost)  
  47  4:04  Probe (Chrono Boost)  
  47  4:05  Pylon  
  48  4:11  Probe (Chrono Boost)  
  48  4:13  Immortal  
  48  4:15  Probe (Chrono Boost)  
  54  4:17  Twilight Council  
  54  4:24  Pylon  
  54  4:28  Probe (Chrono Boost)  
  54  4:29  Probe (Chrono Boost)  
  56  4:33  Assimilator  
  56  4:36  Assimilator  
  56  4:39  Probe (Chrono Boost)  
  58  4:45  Probe (Chrono Boost)  
  58  4:49  Probe (Chrono Boost)  
  58  4:52  Immortal  
  63  4:56  Gateway  
  63  4:57  Resonating Glaives  
  63  5:00  Probe (Chrono Boost)  
  64  5:07  Sentry  
  64  5:12  Probe x3 (Chrono Boost)  
  64  5:13  Pylon  
  69  5:22  Probe (Chrono Boost)  
  69  5:23  Probe x2 (Chrono Boost)  
  72  5:32  Immortal  
  72  5:33  Probe x3 (Chrono Boost)  
  79  5:37  Gateway  
  79  5:43  Probe (Chrono Boost)  
  79  5:44  Probe x2 (Chrono Boost)  
  80  5:51  Sentry  
  80  5:54  Probe x2 (Chrono Boost)  
  80  5:55  Gateway, Probe (Chrono Boost)  
  80  5:56  Pylon  
  85  6:02  Gateway x2  
  85  6:04  Probe (Chrono Boost)  
  85  6:05  Probe (Chrono Boost)  
  85  6:08  Forge  
  85  6:11  Probe (Chrono Boost)  
  88  6:13  Forge  
  88  6:15  Probe (Chrono Boost)  
  88  6:16  Pylon x2  
  88  6:17  Probe (Chrono Boost)  
  90  6:21  Probe (Chrono Boost)  
  92  6:25  Probe (Chrono Boost)  
  92  6:27  Adept  
  92  6:29  Warp Prism  
  96  6:36  Gateway  
  96  6:41  Protoss Ground Armor Level 1 (Chrono Boost)  
  96  6:42  Blink  
  96  6:43  Adept x2  
  100  6:51  Pylon  
  100  6:53  Sentry  
  102  6:54  Sentry  
  102  6:56  Gateway  
  102  6:57  Gateway  
  102  6:59  Assimilator  
  102  7:00  Assimilator  
  104  7:01  Adept  
  104  7:02  Adept  
  104  7:05  Observer  
  109  7:09  Adept  
  103  7:27  Adept x3  
  103  7:28  Adept x2  
  111  7:30  Probe x2 (Chrono Boost)  
  109  7:37  Adept  
  109  7:44  Probe (Chrono Boost)  
  109  7:48  Adept  
  109  7:49  Adept x4  
  109  7:51  Probe (Chrono Boost)  
  121  7:53  Photon Cannon  
  121  7:55  Probe x2 (Chrono Boost)  
  121  7:57  Photon Cannon  
  123  7:59  Protoss Ground Weapons Level 1 (Chrono Boost)  
  123  8:02  Probe  
  124  8:14  Pylon  
  124  8:15  Pylon  
  124  8:17  Pylon  
  124  8:18  Pylon  
  124  8:31  Templar Archives  
  124  8:33  Nexus  
  124  8:44  Adept x2  
  128  8:52  Adept x5, Protoss Ground Armor Level 2 (Chrono Boost)  
  138  9:06  Adept  
  138  9:07  Adept x2, Zealot  
  118  9:37  Probe  
  118  9:38  Probe x2  
  117  9:39  Stalker x2  
  117  9:40  Stalker x3  
  117  9:41  Stargate  
  117  9:45  Stargate  
  116  9:47  Observer  
  116  9:49  Robotics Facility  
  116  9:50  Probe x2  
  115  10:03  Stalker x2  
  115  10:04  Adept x5  
  115  10:05  Adept x2  
  115  10:06  Probe  
  133  10:07  Probe x3  
  137  10:15  Immortal  
  137  10:16  Psionic Storm  
  141  10:21  Pylon  
  141  10:29  High Templar x5, Pylon  
  141  10:33  Adept x2  
  155  10:38  Observer  
  156  10:45  Pylon  
  156  10:47  Stalker x2  
  160  10:52  Phoenix  
  160  10:55  Observer  
  163  11:13  Zealot x4  
  163  11:14  Zealot x5  
  163  11:17  Charge  
  181  11:21  Protoss Ground Armor Level 3 (Chrono Boost)  
  151  11:41  Stalker  
  151  11:42  Adept x4  
  151  11:43  Adept, Immortal x2  
  163  11:58  Void Ray  
  167  12:05  Stalker x4  
  167  12:06  Adept x2  
  177  12:22  Warp Prism x2  
  179  12:25  Adept x3  
  179  12:27  Robotics Bay  
  187  12:37  High Templar  
  187  12:38  Zealot x3  
  187  12:39  Zealot  
  194  12:57  Zealot  
  196  13:01  Pylon  
  186  13:34  High Templar x4  
  186  13:42  Pylon  
  186  13:43  Assimilator x2  
  186  13:46  Protoss Ground Weapons Level 2 (Chrono Boost), Zealot x4  
  186  13:47  Protoss Shields Level 1 (Chrono Boost)  
  192  13:53  Nexus  
  192  13:55  Pylon  
  192  13:59  Zealot  
  188  14:15  Zealot  
  188  14:16  Zealot x3  
  190  14:25  Zealot x5  
  200  14:32  Pylon  
  200  14:40  Zealot x4  
  191  14:46  High Templar  
  191  14:47  High Templar  
  187  14:55  Zealot x2  
  174  15:15  Pylon  
  174  15:17  Pylon  
  174  15:19  Pylon  
  174  15:20  Pylon  
  154  15:21  Pylon  
  154  15:22  Pylon  
  154  15:23  Pylon  
  154  15:24  Pylon  
  154  15:25  Pylon  
  154  15:26  Pylon x2  
  154  15:28  Pylon  
Show
View Real Time Build Order
Export as new Build Order

Epaminondas Terran 

Build Orders: Reaper Expand, MMM Bio 

Get SALT Encoding   

  12  0:00  SCV  
  13  0:12  SCV  
  14  0:17  Supply Depot  
  14  0:25  SCV  
  15  0:39  SCV  
  15  0:42  Barracks  
  16  0:46  Refinery  
  16  0:51  SCV  
  17  1:08  SCV  
  18  1:20  SCV  
  19  1:31  Reaper  
  19  1:32  Orbital Command  
  20  1:35  Engineering Bay  
  19  1:56  Command Center  
  19  1:59  SCV  
  20  2:11  Barracks Reactor  
  20  2:12  SCV  
  21  2:17  Barracks  
  21  2:22  Supply Depot  
  21  2:24  SCV  
  22  2:36  SCV  
  23  2:47  Marine x2  
  23  2:51  Refinery, SCV  
  26  2:54  Engineering Bay  
  26  3:03  SCV  
  26  3:05  Barracks Tech Lab  
  27  3:08  Marine x2  
  27  3:11  Orbital Command  
  29  3:15  SCV  
  30  3:25  Marine  
  30  3:26  Marine, Stimpack  
  30  3:27  Marine, SCV  
  32  3:33  Supply Depot  
  34  3:38  SCV  
  34  3:39  SCV  
  36  3:44  Marine  
  37  3:48  Factory, Marine  
  37  3:52  SCV x2  
  40  3:55  Terran Infantry Weapons Level 1  
  40  4:02  Missile Turret  
  40  4:04  SCV  
  40  4:07  Missile Turret  
  41  4:14  Marine x3  
  43  4:21  SCV  
  43  4:22  SCV  
  45  4:31  Marine  
  45  4:32  Marine  
  45  4:33  Command Center  
  47  4:39  SCV x2  
  47  4:42  Starport  
  47  4:43  Factory Reactor  
  49  4:51  SCV  
  50  4:53  SCV  
  50  4:59  Supply Depot, Marine x3  
  54  5:16  Marine, SCV x2  
  54  5:21  Barracks  
  57  5:26  Refinery  
  57  5:27  Refinery  
  57  5:28  SCV x2  
  59  5:29  Marine, Medivac x2  
  59  5:30  Marine  
  59  5:33  Combat Shields  
  65  5:40  SCV  
  61  5:50  Marine  
  61  5:51  Marine x2  
  61  5:52  Factory Reactor  
  61  5:55  SCV x2  
  61  5:56  Orbital Command  
  66  6:01  Medivac x2  
  70  6:07  SCV  
  70  6:08  Marine  
  70  6:09  SCV  
  73  6:12  Barracks Tech Lab  
  73  6:17  Terran Infantry Armor Level 1  
  73  6:18  Barracks  
  73  6:19  Barracks  
  73  6:20  SCV  
  73  6:21  SCV  
  73  6:25  Marine x2  
  77  6:27  Marine  
  77  6:28  SCV  
  77  6:32  SCV  
  80  6:33  SCV  
  80  6:38  Missile Turret  
  81  6:40  Missile Turret  
  81  6:41  Medivac, Marauder  
  85  6:59  Supply Depot  
  85  7:01  Supply Depot  
  85  7:16  Marine  
  85  7:20  Marine x2, Medivac, Marauder, SCV x2  
  85  7:22  Widow Mine  
  93  7:23  SCV  
  94  7:34  Medivac  
  94  7:35  Marauder  
  94  7:36  SCV x2  
  97  7:38  Engineering Bay, Marine x2  
  97  7:39  Armory  
  97  7:41  Marine  
  96  7:48  Barracks Reactor x2  
  96  7:49  SCV x2  
  96  7:50  SCV  
  97  7:52  Barracks  
  97  7:54  Barracks, Liberator  
  97  7:55  Barracks  
  97  7:56  Marine x2  
  97  7:57  Refinery  
  99  7:58  Supply Depot  
  99  8:00  Supply Depot  
  99  8:01  Supply Depot, SCV  
  99  8:02  SCV x2  
  99  8:03  Liberator  
  99  8:05  Refinery  
  102  8:10  Marine, Marauder  
  108  8:13  Marine  
  108  8:17  Supply Depot  
  108  8:19  Supply Depot  
  109  8:20  Marine  
  109  8:26  Marine  
  113  8:27  Marine x3  
  113  8:28  Marauder  
  113  8:31  Marine  
  120  8:35  Marine  
  120  8:38  Marine  
  120  8:40  Widow Mine  
  120  8:41  Widow Mine  
  123  8:42  Barracks Tech Lab  
  123  8:43  Barracks Tech Lab x2  
  123  8:44  Marine  
  123  8:47  Marine  
  123  8:48  Marine x2  
  128  8:49  Marauder x2  
  128  8:50  Terran Infantry Weapons Level 2  
  128  8:51  Terran Infantry Armor Level 2  
  128  8:53  Marine  
  133  8:55  Marine  
  133  8:59  SCV  
  133  9:01  Supply Depot  
  133  9:02  Marine  
  136  9:05  Marine  
  136  9:09  Reaper  
  137  9:11  Marauder  
  137  9:16  Marine  
  135  9:17  Marauder  
  118  9:28  Marine x6, Marauder  
  111  9:32  Marauder  
  111  9:34  Marine  
  108  9:38  Marauder  
  108  9:41  Marine  
  102  9:45  Marine  
  102  9:46  Marine x3  
  102  9:50  SCV x2  
  102  9:51  Marine x2, Marauder  
  102  9:52  Marine, SCV  
  112  10:02  SCV  
  112  10:03  Liberator  
  112  10:04  Liberator  
  112  10:06  SCV  
  114  10:07  SCV  
  114  10:15  SCV  
  114  10:16  Missile Turret  
  114  10:19  SCV, Missile Turret  
  122  10:21  Marine, Missile Turret  
  123  10:30  Marine x4  
  123  10:31  Marauder  
  123  10:32  Marine  
  130  10:35  Marine  
  130  10:36  Marine x2  
  130  10:42  Marine  
  136  10:43  Marauder  
  136  10:48  Marine x4  
  136  10:49  Marine  
  140  10:52  Marine  
  140  10:53  Marine x2  
  140  10:54  Marine  
  145  10:59  Missile Turret  
  145  11:00  Marine  
  145  11:03  Marine  
  147  11:06  Marine x4  
  147  11:07  Marine  
  147  11:10  Marine  
  153  11:11  Marine  
  153  11:12  Marauder x2  
  142  11:40  Marauder  
  142  11:42  Liberator x2  
  116  11:54  Marine x7, Marauder  
  116  11:56  SCV x3  
  116  12:00  Marine, Marauder  
  134  12:08  SCV  
  134  12:09  Marauder  
  134  12:12  Marine, SCV x2  
  139  12:16  Terran Infantry Weapons Level 3  
  139  12:19  Marine, Marauder  
  139  12:20  SCV  
  143  12:24  SCV  
  143  12:26  Marine x2, Marauder  
  148  12:36  Concussive Shells  
  148  12:39  Marine x4, Marauder  
  148  12:40  Widow Mine  
  156  12:45  Liberator  
  156  12:46  Marine  
  157  12:52  Marine x2, Medivac  
  157  12:53  Marauder  
  157  12:55  Marine  
  157  13:01  Widow Mine  
  157  13:02  Marauder  
  132  13:24  Marine x4  
  132  13:25  Marine x5, Marauder, Widow Mine  
  139  13:27  Liberator  
  139  13:32  Marauder, Liberator  
  139  13:33  Widow Mine  
  145  13:42  Marine x4  
  145  13:46  Marine x4, Marauder  
  159  13:55  Marine  
  159  13:56  Marauder  
  119  14:33  Marauder  
  115  14:50  Marine  
  115  14:51  Marine  
  115  14:52  Marauder  
  115  14:54  Marine  
  71  15:19  Marine x4  
Tags
 
Composition
MMM Bio
Matchup
PvT
Player
Miszu
Add a new tag
Caveats
  • Supply blocks, unpowered buildings, or Contaminate may cause inaccurate times.
  • Supply counts are checked every 10 seconds.